 Dungeon Crawl Stone Soup version 0.25-a0-507-gf66f01b (webtiles) character file.

Game seed: 11535972668260601315, levelgen mode: deterministic

56 15 the Charmwright (level 3, -10/28 HPs)
             Began as a Merfolk Skald on Feb 14, 2020.
             Mangled by an iguana (13 damage)
             ... on level 2 of the Dungeon.
             The game lasted 00:06:23 (1409 turns).

15 the Charmwright (Merfolk Skald)                  Turns: 1409, Time: 00:06:24

Health: -10/28     AC:  2    Str: 12    XL:     3   Next: 95%
Magic:  0/6        EV: 13    Int: 12    God:
Gold:   36         SH:  0    Dex: 13    Spells: 1/6 levels left

rFire    . . .     SeeInvis .   a - +0 spear
rCold    . . .     Gourm    .   (no shield)
rNeg     . . .     Faith    .   i - +0 robe (curse)
rPois    .         Spirit   .   (no helmet)
rElec    .         Reflect  .   (no cloak)
rCorr    .         Harm     .   (no gloves)
MR       .....                  (no boots)
Stlth    +.........             (no amulet)
HPRegen  0.09/turn              (no ring)
MPRegen  0.10/turn              (no ring)

@: infused, very slightly contaminated
A: change form in water, swift swim, stealthy swim
a: no special abilities


You were on level 2 of the Dungeon.
You were not hungry.

You visited 1 branch of the dungeon, and saw 2 of its levels.

You collected 36 gold pieces.

Inventory:

Hand Weapons
 a - a +0 spear (weapon)
Missiles
 c - 3 atropa-tipped darts (quivered)
Armour
 b - a +0 leather armour
 i - a cursed +0 robe (worn)
Potions
 e - a potion of magic
Comestibles
 d - 3 rations


   Skills:
 * Level 2.5 Fighting
 * Level 3.2 Polearms
 * Level 1.1 Armour
 * Level 3.4 Dodging
 + Level 0.3 Stealth
 * Level 2.2 Spellcasting
 * Level 4.0 Charms


You had one spell level left.
You knew the following spells:

 Your Spells              Type           Power        Failure   Level  Hunger
a - Infusion              Chrm           ##..         4%          1    ##.....
b - Song of Slaying       Chrm           ##......     8%          2    ###....
c - Shroud of Golubria    Chrm/Tloc      #.....       19%         2    ###....

Your spell library contained the following spells:

 Spells                   Type           Power        Failure   Level  Hunger
 Ozocubu's Armour         Chrm/Ice       #.......     34%         3    ####...
 Spectral Weapon          Hex/Chrm       #.......     34%         3    ####...


Dungeon Overview and Level Annotations

Branches:
Dungeon (2/15)

Altars:


Message History

The iguana bites you but does no damage.
Unknown command.
You hit the iguana but do no damage.
The iguana is moderately wounded.
The iguana barely misses you.
Casting: Infusion (safe; 4% risk of failure)
Confirm with . or Enter, or press ? or * to list all spells.
Okay, then.
You hit the iguana.
The iguana is heavily wounded.
The iguana closely misses you.
You closely miss the iguana.
The iguana is heavily wounded.
The iguana bites you!
* * * LOW HITPOINT WARNING * * *
You hit the iguana.
The iguana is heavily wounded.
Your shroud unravels.
The iguana bites you!
You die...

######## #.......
########..#####
##.............#
##..######.......
##.#..............
#@###.............
##l# ######...#.##
... #...#.## ...#
#...#.## ...#
#....... ...#
#...(... ...#
##..).## ...#
#.#..# ..#...


You could see an iguana.

Vanquished Creatures
  A gnoll (D:1)
  An adder (D:2)
  4 dart slugs
  2 leopard geckos (D:1)
  A ball python (D:2)
  2 bats (D:1)
  A giant cockroach (D:2)
  A goblin (D:1)
  3 hobgoblins (D:1)
  3 kobolds
  A quokka (D:2)
  4 frilled lizards
  4 rats
28 creatures vanquished.

Notes
Turn   | Place    | Note
-------+----------+-------------------------------------------
     0 | D:1      | 15 the Merfolk Skald began the quest for the Orb.
     0 | D:1      | Reached XP level 1. HP: 16/16 MP: 3/3
   355 | D:1      | Reached XP level 2. HP: 23/23 MP: 3/5
   362 | D:1      | Learned a level 2 spell: Song of Slaying
   444 | D:1      | Reached XP level 3. HP: 28/28 MP: 2/6
   561 | D:1      | Reached skill level 4 in Charms
   969 | D:2      | Learned a level 2 spell: Shroud of Golubria
   988 | D:2      | Reached skill level 1 in Armour
  1409 | D:2      | Mangled by an iguana

Levels and vault maps discovered:
D:1:      lightli_arrival_statue_moat, layout_loops_cross
D:2:      layout_loops_ring, kiku_gazebo_garden_becter,
          nemelex_xobeh_ov_fountains_minmay

Skill      XL: |  1  2  3 |
---------------+----------+-----
Dodging        | 3 |  3.4
Charms         | 4 |  4.0
Armour         | 1 |  1.1
Fighting       | |  2.5
Polearms       | |  3.2
Stealth        | |  0.3
Spellcasting   | |  2.2

Action                   || total
-------------------------++-------
Melee: Spear             ||   104
 Cast: Infusion          ||     9
       Shroud of Golubri ||     2
       Song of Slaying   ||     1
  Use: Scroll            ||     3
 Stab: Sleeping          ||     2
  Eat: Chunk             ||     2
Armor: Leather armour    ||     4
       Robe              ||     6
Dodge: Dodged            ||    49

Table legend:
 A = Non-vault XP
 B = Vault XP
 C = Vault XP percentage of total XP
 D = Non-vault monster count
 E = Vault monster count
 F = Vault count percentage of total count
                 A         B        C        D         E       F
            +---------+---------+-------+---------+---------+-------
      Total |      80 |       0 |   0.0 |      28 |       0 |   0.0
            +---------+---------+-------+---------+---------+-------
        D:1 |      53 |       0 |   0.0 |      20 |       0 |   0.0
        D:2 |      27 |       0 |   0.0 |       8 |       0 |   0.0
            +---------+---------+-------+---------+---------+-------
